 Seeded DCSS version 0.30-a0-723-gc1506a1cf0 (webtiles) character file.

Game seed: 4129031442797403394 (custom seed)

26 purpskrrrp the Shooter (level 3, 28/28 HPs)
             Began as a Formicid Hunter on Jan 29, 2023.
             Quit the game on level 1 of the Dungeon.
             The game lasted 00:01:55 (988 turns).

purpskrrrp the Shooter (Formicid Hunter)             Turns: 988, Time: 00:01:56

Health: 28/28      AC:  3    Str: 15    XL:     3   Next: 22%
Magic:  3/3        EV: 12    Int:  8    God:
Gold:   70         SH:  0    Dex: 19    Spells: 2/2 levels left

rFire   . . .      SeeInvis +    a - +0 shortbow
rCold   . . .      Faith    .    (no shield)
rNeg    . . .      Spirit   .    c - +0 leather armour
rPois   .          Reflect  .    (helmet unavailable)
rElec   .          Harm     .    (no cloak)
rCorr   .          Rampage  .    (no gloves)
Will    .....                    (no boots)
Stlth   ++                       (no amulet)
HPRegen 0.24/turn                (no ring)
MPRegen 0.08/turn                (no ring)

@: weak-willed
A: permanent stasis, dig shafts and tunnels, antennae 3, four strong arms
a: Dig, Shaft Self


You were on level 1 of the Dungeon.
You visited 1 branch of the dungeon, and saw 1 of its levels.

You collected 70 gold pieces.

Inventory:

Hand Weapons
 a - a +0 shortbow (weapon)
Armour
 c - a +0 leather armour (worn)
Jewellery
 h - a +6 ring of dexterity
Scrolls
 b - a scroll of immolation
 i - a scroll of torment {unknown}
Potions
 e - a potion of invisibility {unknown}
 f - a potion of flight {unknown}


   Skills:
 + Level 2.4 Fighting
 * Level 4.3 Ranged Weapons
 + Level 0.8 Armour
 + Level 2.1 Dodging
 + Level 1.8 Stealth


You had 2 spell levels left.
You didn't know any spells.
Your spell library was empty.

Dungeon Overview and Level Annotations

Branches:
Dungeon (1/15)

Altars:


Innate Abilities, Weirdness & Mutations

You cannot be hasted, slowed, berserked, paralysed or teleported.
You can dig through walls and to a lower floor.
You have a pair of large antennae on your head. (SInv)
Your four strong arms can wield two-handed weapons with a shield.


Message History

No target in view!
No target in view!
You see here a +0 short sword.
You sense a monster nearby.
A rat comes into view.
A rat is nearby!
A rat is nearby!
You shoot an arrow.
The arrow hits the rat but does no damage.
You shoot an arrow. The arrow hits the rat!
You kill the rat!
No target in view!
No target in view!
No target in view!
No target in view!
No target in view!
No target in view!
No target in view!
No target in view!
No target in view!
No target in view!
No target in view!
No target in view!
No target in view!
Done exploring.
Done exploring.
Done exploring.
Done exploring.
No target in view!
As you read the scroll labelled ECOIBIAFUTU, it crumbles to dust.
The scroll dissolves into smoke.
It was a scroll of fog.
As you read the scroll labelled YCEIZ LONO, it crumbles to dust.
Magic quickly surges around you.
It was a scroll of vulnerability.
This is a scroll of acquirement!
Something appears at your feet!
Save game and exit?
Welcome back, purpskrrrp the Formicid Hunter.
Game seed: 4129031442797403394 (custom seed) Press ? for a list of commands and other information.
Are you sure you want to abandon this character and quit the game? (Confirm with "yes".)

##.....#..# #.#.#
.#.....#..# #.#.#
.#.....#..# #.#.#
.......#..###########.#.#
#.....................#.#
#.....#..##############.#
#.....................#.#
#.....###############.#.#
##......†.....§§@# #.#.#
.##....####.####§# #.###
.......#########§####.#
...................##.#
.......#########.#.##.#
......†...)......#.##.#
.........#########.##.#
.................#.##.#
.........######.##.##.#


There were no monsters in sight!

Vanquished Creatures
  A dart slug (D:1)
  An endoplasm (D:1)
  A goblin (D:1)
  3 hobgoblins (D:1)
  2 quokkas (D:1)
  A ball python (D:1)
  5 bats (D:1)
  6 kobolds (D:1)
  4 rats (D:1)
24 creatures vanquished.

Notes
Turn   | Place    | Note
-------+----------+-------------------------------------------
     0 | D:1      | purpskrrrp the Formicid Hunter began the quest for the Orb.
     0 | D:1      | Reached XP level 1. HP: 16/16 MP: 1/1
   190 | D:1      | Reached XP level 2. HP: 23/23 MP: 2/2
   438 | D:1      | Reached XP level 3. HP: 28/28 MP: 3/3
   987 | D:1      | Identified a scroll of acquirement
   987 | D:1      | Acquired a +2 rapier of speed
   988 | D:1      | Quit the game

Illustrated notes

Levels and vault maps discovered:
D:1:      minmay_arrival_open_corners, layout_basic

Skill      XL: |  1  2 |
---------------+-------+-----
Dodging        | 2 |  2.1
Fighting       | |  2.4
Ranged Weapons | |  4.3
Armour         | |  0.8
Stealth        | |  1.8

Action                     || total
---------------------------++-------
   Fire: Shortbow          ||    69
    Use: Scroll            ||     3
 Armour: Leather armour    ||     4
  Dodge: Dodged            ||    19

Table legend: (Time is in decaauts)
 A = Elapsed time spent in this place.
 B = Non-inter-level travel time spent in this place.
 C = Inter-level travel time spent in this place.
 D = Time resting spent in this place.
 E = Time spent auto-exploring this place.
 F = Levels seen in this place.
 G = Mean time per level.
                   A        B        C        D        E       F      G
               +--------+--------+--------+--------+--------+-----+--------+
         Total |   1010 |   1010 |      0 |      0 |    871 |   1 | 1010.0 |
       Dungeon |   1010 |   1010 |      0 |      0 |    871 |   1 | 1010.0 |
               +--------+--------+--------+--------+--------+-----+--------+

Top non-repeatable levels by time:
     D:1: 1010 daAuts
